Map: Acid Plant LE

Players

PtitDrogo - Winner!

  • Race: Protoss Protoss
  • Spawn Location: 11:00

Ethereal

  • Race: Zerg Zerg
  • Spawn Location: 5:00

Event: WCS Montreal 2018

VOD

Have the link to the VOD?

Description

Time

  • Played on: Sept. 7, 2018, 12:42 p.m.
  • Length: 9:51

All games in this series

Show
View Real Time Build Order
Export as new Build Order

PtitDrogo Protoss - Winner!

Build Orders: 1 Gate Expand, Oracle Opening, Phoenix Opening, Archon Immortal, Zealot Archon, Archon Drop 

Get SALT Encoding   

  12  0:00  Probe  
  13  0:12  Probe  
  14  0:20  Pylon  
  14  0:25  Probe  
  15  0:35  Probe  
  16  0:43  Probe  
  16  0:45  Gateway  
  16  0:48  Assimilator  
  17  0:52  Probe  
  18  1:04  Probe  
  19  1:16  Probe  
  20  1:25  Nexus  
  20  1:34  Cybernetics Core  
  20  1:38  Probe  
  21  1:47  Assimilator  
  21  1:50  Probe  
  21  1:53  Pylon  
  22  2:02  Probe  
  22  2:03  Adept  
  23  2:15  Probe  
  26  2:19  Stargate  
  26  2:26  Probe  
  27  2:30  Warp Gate  
  27  2:32  Adept  
  27  2:33  Probe  
  27  2:35  Probe  
  30  2:41  Probe  
  30  2:43  Probe  
  31  2:51  Probe  
  33  2:53  Probe  
  33  2:57  Phoenix  
  35  3:03  Probe  
  36  3:06  Probe  
  36  3:10  Pylon  
  39  3:15  Probe  
  40  3:20  Probe  
  40  3:21  Oracle  
  44  3:27  Probe, Assimilator  
  44  3:31  Assimilator  
  44  3:33  Probe  
  46  3:39  Probe  
  47  3:43  Robotics Facility  
  47  3:45  Probe  
  48  3:51  Probe  
  49  3:57  Probe, Twilight Council  
  50  4:03  Probe  
  50  4:09  Pylon, Probe  
  52  4:12  Gateway  
  52  4:13  Gateway  
  52  4:16  Probe  
  52  4:17  Gateway  
  53  4:22  Probe  
  54  4:27  Warp Prism  
  56  4:40  Templar Archives  
  56  4:41  Pylon  
  56  4:42  Probe x2  
  58  4:53  Zealot  
  58  4:58  Probe x2  
  62  5:01  Pylon  
  62  5:03  Nexus, Observer  
  63  5:08  Pylon  
  63  5:10  Probe  
  63  5:11  Probe  
  65  5:22  Probe  
  65  5:24  High Templar x4  
  65  5:28  Archon x2  
  74  5:29  Probe  
  74  5:30  Immortal, Charge  
  74  5:35  Pylon, Probe  
  80  5:40  Forge  
  80  5:41  Probe  
  81  5:47  Probe  
  80  6:00  Protoss Ground Weapons Level 1  
  80  6:06  Probe x2  
  80  6:09  Immortal, Zealot x4  
  91  6:18  Probe x3  
  91  6:21  Assimilator  
  93  6:26  Assimilator  
  93  6:27  Shield Battery  
  93  6:30  Probe x3  
  93  6:31  Gateway x2  
  96  6:42  Probe  
  96  6:45  Probe x2  
  99  6:48  Zealot x4  
  107  6:55  Pylon  
  107  7:00  Photon Cannon  
  107  7:11  Immortal  
  108  7:16  Probe  
  108  7:17  Probe  
  110  7:27  Gateway x2  
  110  7:30  High Templar x3  
  110  7:32  Protoss Ground Weapons Level 2  
  110  7:33  Pylon x2  
  110  7:35  Pylon  
  110  7:36  High Templar  
  110  7:37  Archon  
  117  7:41  Immortal  
  117  7:45  Gateway  
  117  7:46  Archon  
  117  7:48  Gateway  
  121  7:51  Gateway  
  121  7:53  Gateway  
  121  7:57  High Templar x2  
  125  8:00  Pylon, Nexus, Probe  
  126  8:10  Pylon  
  126  8:12  High Templar  
  126  8:13  High Templar x3  
  126  8:18  Archon x3  
  126  8:19  Photon Cannon  
  134  8:20  Probe x2  
  134  8:22  Pylon, Photon Cannon  
  136  8:28  Immortal  
  136  8:33  Zealot x4  
  148  8:43  Probe  
  148  8:44  Probe x2  
  148  8:47  Assimilator  
  151  8:49  Pylon, Assimilator  
  151  8:50  High Templar x2  
  151  8:51  Pylon  
  151  8:54  Archon  
  151  8:55  High Templar x2  
  159  8:56  Probe, Zealot x2  
  159  9:01  Archon  
  164  9:09  Zealot x5  
  174  9:10  Zealot  
  174  9:13  Pylon  
  174  9:16  Stalker x2  
  176  9:26  Zealot x2  
  176  9:29  Zealot x2  
  176  9:30  Zealot  
  154  9:43  Zealot x3  
  154  9:44  Zealot x4  
Show
View Real Time Build Order
Export as new Build Order

Ethereal Zerg 

Build Orders: Hatch First 

Get SALT Encoding   

  12  0:06  Drone  
  13  0:15  Overlord  
  13  0:18  Drone  
  14  0:34  Drone x2  
  16  0:38  Drone  
  17  0:53  Hatchery  
  16  0:57  Drone  
  16  1:00  Drone  
  18  1:10  Extractor  
  17  1:15  Spawning Pool  
  17  1:18  Drone  
  17  1:22  Drone  
  18  1:36  Drone  
  19  1:46  Overlord  
  19  2:01  Drone  
  19  2:06  Queen x2  
  24  2:11  Zergling x2  
  24  2:13  Metabolic Boost  
  25  2:18  Drone x3  
  28  2:32  Drone x2  
  30  2:45  Hatchery  
  30  2:49  Queen  
  31  2:54  Drone  
  31  2:55  Drone  
  33  3:01  Spore Crawler  
  33  3:03  Spore Crawler  
  33  3:04  Drone  
  34  3:06  Drone x2  
  34  3:08  Overlord  
  34  3:12  Overlord  
  36  3:20  Overlord  
  36  3:25  Overlord  
  36  3:26  Evolution Chamber  
  35  3:28  Drone x2  
  35  3:33  Drone  
  38  3:37  Drone  
  38  3:38  Drone  
  40  3:45  Drone x2  
  42  3:54  Extractor, Zerg Melee Weapons Level 1  
  42  3:55  Zergling x8  
  45  3:59  Queen  
  47  4:04  Drone x3  
  47  4:09  Queen  
  50  4:16  Drone  
  50  4:17  Drone x3  
  55  4:20  Drone x2  
  58  4:30  Drone x3  
  57  4:40  Spore Crawler  
  57  4:41  Spore Crawler  
  57  4:42  Overlord  
  55  4:47  Zergling x6  
  55  4:49  Overlord  
  57  4:53  Spore Crawler  
  57  4:58  Overlord  
  56  5:04  Zergling x6  
  56  5:05  Zergling x10  
  61  5:13  Drone x5  
  66  5:20  Zergling x6  
  66  5:21  Zergling x2  
  70  5:29  Drone x3  
  73  5:37  Drone x2  
  67  5:51  Zergling x10  
  67  5:55  Drone x4  
  73  5:58  Drone  
  65  6:06  Zergling x8  
  65  6:07  Zergling x8  
  65  6:08  Queen  
  65  6:09  Lair  
  73  6:14  Zergling x2  
  73  6:16  Overlord x2  
  74  6:22  Overlord  
  74  6:29  Baneling Nest  
  72  6:46  Drone x2  
  74  6:49  Drone  
  74  6:50  Drone x3, Queen  
  74  6:52  Extractor  
  74  6:53  Extractor  
  78  6:56  Zergling x4  
  78  6:57  Zergling x6  
  83  7:01  Overlord  
  83  7:03  Drone  
  83  7:07  Drone  
  82  7:14  Drone x2  
  82  7:15  Drone  
  83  7:16  Drone  
  79  7:23  Queen  
  79  7:25  Hydralisk Den  
  79  7:26  Zerg Missile Weapons Level 1, Evolution Chamber, Centrifical Hooks  
  79  7:28  Zergling x8  
  79  7:29  Zergling x8, Evolution Chamber  
  86  7:32  Drone  
  87  7:38  Hatchery  
  87  7:40  Overlord  
  87  7:42  Zergling x4  
  88  7:45  Extractor  
  88  7:49  Zergling x2  
  88  7:54  Extractor, Baneling  
  88  7:55  Baneling x12, Overlord x2  
  87  8:02  Hydralisk x5, Grooved Spines  
  97  8:14  Overlord x2  
  97  8:15  Hydralisk x2  
  97  8:16  Hydralisk  
  102  8:23  Hydralisk x2  
  102  8:24  Hydralisk  
  108  8:30  Hydralisk x2  
  112  8:36  Hydralisk x3  
  112  8:37  Hydralisk  
  112  8:41  Drone x4  
  121  8:48  Baneling x4  
  122  8:53  Drone x6  
  128  8:56  Queen  
  130  9:04  Hydralisk x2  
  130  9:08  Overlord x3  
  134  9:15  Extractor  
  134  9:16  Extractor  
  125  9:26  Hydralisk x6  
  125  9:29  Zergling x2  
  125  9:30  Zergling x10  
  133  9:33  Zergling x2  
Tags
 
Add a new tag
Caveats
  • Supply blocks, unpowered buildings, or Contaminate may cause inaccurate times.
  • Supply counts are checked every 10 seconds.